 Dungeon Crawl Stone Soup version 0.31-a0-1540-g5a0b83f448 (webtiles) character file.

Game seed: 15664681007115297001

52 wildpjah the Slasher (level 3, -4/27 HPs)
             Began as a Demonspawn Gladiator on Jan 2, 2024.
             Slain by a hobgoblin
             ... wielding the +1 spear of Harmony {flame, Int+2}
             ... led by Robin
              (13 damage)
             ... on level 2 of the Dungeon.
             The game lasted 00:01:22 (1113 turns).

wildpjah the Slasher (Demonspawn Gladiator)         Turns: 1113, Time: 00:01:23

Health: -4/27      AC:  7    Str: 14    XL:     3   Next: 60%
Magic:  3/3        EV: 11    Int:  8    God:
Gold:   42         SH:  0    Dex: 16    Spells: 2/2 levels left

rFire   . . .        a - +0 long sword
rCold   . . .        (no shield)
rNeg    . . .        k - +0 scale mail
rPois   .            c - +0 helmet
rElec   .            (no cloak)
rCorr   .            (no gloves)
SInv    .            (no boots)
Will    .....        (no amulet)
Stlth   +            (no ring)
HPRegen 0.24/turn    (no ring)
MPRegen 0.08/turn

%: no passive effects
@: no status effects
A: sturdy frame 1
a: no special abilities


You were on level 2 of the Dungeon.
You visited 1 branch of the dungeon, and saw 2 of its levels.

You collected 42 gold pieces.

Inventory:

Hand Weapons
 a - a +0 long sword (weapon)
Missiles
 d - 3 throwing nets (quivered)
 e - a javelin
Armour
 b - a +0 leather armour
 c - a +0 helmet (worn)
 k - a +0 scale mail (worn)
Scrolls
 g - a scroll of noise {unknown}
 i - a scroll of identify {unknown}
 j - a scroll of amnesia {unknown}
 l - 2 scrolls of teleportation {unknown}
Potions
 f - 2 potions of curing {unknown}
 h - 2 potions of heal wounds {unknown}


   Skills:
 + Level 2.2 Fighting
 + Level 3.5 Long Blades
 + Level 1.8 Throwing
 + Level 0.5 Armour
 + Level 3.1 Dodging
 + Level 0.1 Stealth


You had 2 spell levels left.
You didn't know any spells.
Your spell library was empty.

Dungeon Overview and Level Annotations

Branches:
Dungeon (2/15)

Altars:


Innate Abilities, Weirdness & Mutations

Your movements are slightly less encumbered by armour. (ER -2)


Message History

The goblin closely misses you. x2; Robin hits you but does no damage.
You hit Robin.
Robin is lightly wounded.
The goblin closely misses you. Robin hits you but does no damage.
You barely miss Robin.
Robin is lightly wounded.
A hobgoblin comes into view.
It is wielding the +1 spear of Harmony {flame, Int+2}.
A hobgoblin comes into view.
Robin roars a battlecry!
The goblins go into a battle-frenzy!
The goblin closely misses you.
You hit Robin.
Robin is lightly wounded.
The hobgoblin barely misses you. The goblin barely misses you.
Robin hits you but does no damage.
You slash Robin!
Robin is severely wounded.
The hobgoblin closely misses you. The goblin hits you with a +0 club.
Robin hits you but does no damage.
The hobgoblin hits you from afar with the +1 spear of Harmony {flame, Int+2}!
The hobgoblin burns you.
* * * LOW HITPOINT WARNING * * *
Robin misses you. The goblin closely misses you.
You slash the goblin!
You kill the goblin!
The hobgoblin closely misses you. Robin closely misses you.
Robin attacks as they pursue you! Robin hits you but does no damage.
You see here a +0 club.
You hit Robin.
Robin is almost dead.
Robin says, "Duck!"
Robin hits you but does no damage.
You hit Robin but do no damage.
Robin is almost dead.
Robin closely misses you.
You hit Robin.
You kill Robin!
The hobgoblin misses you.
The hobgoblin hits you from afar with the +1 spear of Harmony {flame, Int+2}!
You die...

#.# #.#.....
#.# # ##.<##
#.# #. #..#
###.####.##..##
#........†....#
#..............
#...####.####.#
#####>..# # #
#.# #.@ggg..#
#.# #$###..##
#.####.# #.
#..# #.......
#. #..#
##...... #.
#gg# #.###.# #.
#g.# # #.# #.
.g.. #.# ##
#.g# #.. #..#
###


You could see 3 hobgoblins.

Vanquished Creatures
  Robin (D:2)
  2 adders (D:2)
  3 bats
  4 endoplasms
  2 giant cockroaches (D:1)
  A hobgoblin (D:1)
  3 quokkas
  4 ball pythons
  A frilled lizard (D:1)
  8 goblins
  A kobold (D:1)
  2 rats
32 creatures vanquished.

Notes
Turn   | Place    | Note
-------+----------+-------------------------------------------
     0 | D:1      | wildpjah the Demonspawn Gladiator began the quest for the
                  | Orb.
     0 | D:1      | Reached XP level 1. HP: 16/16 MP: 1/1
   398 | D:1      | Gained mutation: Your movements are slightly less
                  | encumbered by armour. (ER -2) [demonic ancestry]
   398 | D:1      | Reached XP level 2. HP: 22/22 MP: 2/2
   910 | D:2      | Reached XP level 3. HP: 27/27 MP: 3/3
  1100 | D:2      | Noticed Robin
  1106 | D:2      | Identified the +1 spear of Harmony {flame, Int+2}
  1113 | D:2      | Killed Robin
  1113 | D:2      | Slain by a hobgoblin

Illustrated notes

Levels and vault maps discovered:
D:1:      evilmike_arrival_plus, layout_loops_ring
D:2:      layout_loops_ring, basic_ecumenical_altar, minmay_split_cup_large,
          uniq_robin

Skill      XL: |  1  2 |
---------------+-------+-----
Long Blades    | 3 |  3.5
Dodging        | 3 |  3.1
Fighting       | |  2.2
Throwing       | |  1.8
Armour         | |  0.5
Stealth        | |  0.1

Action                     || total
---------------------------++-------
  Melee: Long sword        ||   101
         Punch             ||     2
   Stab: Sleeping          ||     1
 Armour: Leather armour    ||    38
         Scale mail        ||    54
  Dodge: Dodged            ||    86

Table legend: (Time is in decaauts)
 A = Elapsed time spent in this place.
 B = Non-inter-level travel time spent in this place.
 C = Inter-level travel time spent in this place.
 D = Time resting spent in this place.
 E = Time spent auto-exploring this place.
 F = Levels seen in this place.
 G = Mean time per level.
                   A        B        C        D        E       F      G
               +--------+--------+--------+--------+--------+-----+--------+
         Total |   1137 |   1108 |     29 |      0 |    860 |   2 |  568.5 |
       Dungeon |   1137 |   1108 |     29 |      0 |    860 |   2 |  568.5 |
               +--------+--------+--------+--------+--------+-----+--------+

Top non-repeatable levels by time:
     D:1: 891 daAuts
     D:2: 246 daAuts
